 Dungeon Crawl Stone Soup version 0.18.1-50-g88ac8fd (webtiles) character file.

27204 Gargoyl the Corrupter of Planes (level 13, -2/101 HPs)
             Began as a Demonspawn Abyssal Knight on Oct 25, 2016.
             Was the Champion of Lugonu.
             Slain by a death yak (16 damage)
             ... led by a torpor snail
             ... on level 5 of the Lair of Beasts.
             The game lasted 00:34:11 (14574 turns).

Gargoyl the Corrupter of Planes (DsAK)             Turns: 14574, Time: 00:34:12

Health: -2/101     AC: 22    Str: 19    XL:     13   Next: 3%
Magic:  21/21      EV: 10    Int: 17    God:    Lugonu [******]
Gold:   900        SH: 15    Dex: 13    Spells: 0 memorised, 12 levels left

rFire  + . .     SeeInvis .     Q - +0 broad axe (elec)
rCold  . . .     Gourm    .     E - +0 plate armour
rNeg   + . .     Faith    .     H - +0 shield
rPois  .         Spirit   .     L - +2 helmet {Int+3}
rElec  .         Dismiss  .     (no cloak)
rCorr  .         Reflect  +     x - +1 pair of gloves
SustAt .         Harm     .     p - +0 pair of boots
MR     .....                    S - +4 amulet of reflection
Stlth  ..........               M - ring of positive energy
                                o - +2 ring of strength

@: not resistant to hostile enchantments, extremely unstealthy
A: fangs 1, hooves 2, repulsion field 2, blurry vision 2, demonic guardian 1,
fire resistance 1, powered by death 1, augmentation 1
a: Depart the Abyss, Bend Space, Banish, Corrupt, Enter the Abyss, Brand Weapon
With Distortion, Renounce Religion


You were on level 5 of the Lair of Beasts.
You worshipped Lugonu.
Lugonu was exalted by your worship.
You were not hungry.

You visited 2 branches of the dungeon, and saw 15 of its levels.
You visited the Abyss 1 time.
You also visited: Labyrinth.

You collected 900 gold pieces.

Inventory:

Hand Weapons
 f - a +1 hand axe of venom
 Q - a +0 broad axe of electrocution (weapon)
Missiles
 k - 26 tomahawks (quivered)
Armour
 p - a +0 pair of boots (worn)
 x - a +1 pair of gloves (worn)
 E - a +0 plate armour (worn)
 H - a +0 shield (worn)
 L - a +2 helmet of intelligence (worn)
Jewellery
 o - a +2 ring of strength (left hand)
 B - an uncursed ring of flight
 M - a ring of positive energy (right hand)
 S - a +4 amulet of reflection (around neck)
Wands
 i - a wand of confusion (26/48)
 v - a wand of random effects (38/48)
 y - a wand of confusion (26/48)
 C - a wand of iceblast (6/15)
 O - a wand of disintegration (16/24)
Scrolls
 a - 2 scrolls of blinking
 b - 8 scrolls of remove curse
 g - a scroll of fear
 r - a scroll of amnesia
 u - 7 scrolls of teleportation
 I - 4 scrolls of recharging
 T - a scroll of magic mapping
Potions
 d - 3 potions of agility
 e - 9 potions of curing
 h - a potion of brilliance
 m - 3 potions of lignification
 n - 4 potions of flight
 q - a potion of resistance {unknown}
 s - a potion of haste
 w - a potion of ambrosia
 z - 2 potions of berserk rage
Comestibles
 c - 9 bread rations
 j - 11 slices of pizza
 l - 11 fruits
 t - 2 royal jellies
 A - 4 meat rations
 K - 3 beef jerkies


   Skills:
 + Level 9.6 Fighting
 + Level 8.5 Axes
 * Level 11.6 Armour
 + Level 4.2 Dodging
 + Level 8.2 Shields
 * Level 11.7 Invocations


You had 12 spell levels left.
You didn't know any spells.

Dungeon Overview and Level Annotations

Branches:
Dungeon (10/15)            Temple (0/1) D:7            Lair (5/8) D:10
  Snake (0/4) Lair:3          Orc (0/2) D:9
  Swamp: Lair:3-6    Shoals: Lair:3-6

Altars:
Nemelex Xobeh
Sif Muna
Trog
Yredelemnul

Shops:
D:10 }


Innate Abilities, Weirdness & Mutations

You have hoof-like feet.
You are surrounded by a moderate repulsion field (EV +3).
A weak demonic guardian rushes to your aid.
You regenerate a little health from kills.
Your magical and physical power is slightly enhanced at high health.
You have very sharp teeth.
Scrolls take you longer to read.
Your flesh is heat resistant.


Message History

[Y]es or [N]o only, please.
Really read with blurry vision while enemies are nearby? [Y]es or [N]o only, please.
Really read with blurry vision while enemies are nearby? [Y]es or [N]o only, please.
Really read with blurry vision while enemies are nearby?
Okay, then.
Drink which item? (? for menu, Esc to quit)
Okay, then.
Read which item? (? for menu, Esc to quit)
Really read with blurry vision while enemies are nearby?
The iguana bites you.
* * * LOW HITPOINT WARNING * * *
You block the death yak's attack. The death yak gores you!
* * * LOW HITPOINT WARNING * * *
You begin reading the scroll.
You continue reading the scroll.
You block the iguana's attack.
Your white imp barely misses the iguana.
You block the death yak's attack. The death yak gores you!
You die...

..#..........####
......##.<..........##
....#............P##.#
..................####
..................#
.................##
...............#.#
......Y.......#.##
......l@....#####
......Y5†..##
........[...#
...........##
.........###
........## ......###
.....#


You could see 2 death yaks, an iguana and a friendly white imp.

Vanquished Creatures
  Erolcha (D:8)
  A minotaur (Lab)
  The ghost of Kloppie the Basher, a journeyman VSFi of Okawaru (Lab)
  A death yak (Lair:4)
  An unseen horror (D:10)
  Joseph (D:8)
  Maurice (D:10)
  5 black mambas
  2 torpor snails
  8 spiny frogs
  3 komodo dragons
  2 rime drakes (Lair:2)
  4 blink frogs (Lair:4)
  A spriggan (D:10)
  31 yaks
  3 basilisks
  9 hippogriffs
  9 water moccasins
  2 orc warriors (D:8)
  6 porcupines
  2 ice beasts (D:7)
  An eye of draining (D:10)
  3 black bears
  3 ogres
  4 wolves (Lair:2)
  A centaur (D:10)
  8 crocodiles
  2 big kobolds (D:9)
  4 giant frogs
  A gnoll sergeant (D:6)
  2 scorpions
  6 killer bees
  4 wights (D:6)
  A howler monkey (D:6)
  An electric eel (Lair:2)
  7 crimson imps
  3 giant frog zombies
  2 centaur zombies
  A hound (D:4)
  A wasp zombie (D:8)
  4 jellies
  7 orc priests
  9 orc wizards
  A centaur skeleton (D:7)
  An iron imp (Abyss:1)
  12 iguanas
  4 worker ants
  A killer bee zombie (D:8)
  19 sheep
  2 hound skeletons
  2 howler monkey zombies
  Robin (D:3)
  15 gnolls
  39 river rats
  10 adders
  3 oozes
  2 adder skeletons
  3 worms
  4 dart slugs
  9 giant geckos
  33 orcs
  5 giant cockroaches
  14 goblins
  6 hobgoblins
  3 jackals (D:4)
  3 quokkas
  3 ball pythons
  5 bats
  A giant gecko skeleton (D:4)
  14 giant newts
  A jackal zombie (D:7)
  14 kobolds
  7 rats
  2 plants (Lair:3)
408 creatures vanquished.

Vanquished Creatures (collateral kills)
  2 black mambas
  A spiny frog (Lair:4)
  Sigmund (D:3)
  11 yaks
  A basilisk (Lair:5)
  A hippogriff (D:4)
  2 orc warriors
  An ice beast (D:6)
  An ogre (D:8)
  2 wolves (Lair:2)
  A crimson imp (D:8)
  An orc priest (D:10)
  2 iguanas
  3 orc wizards
  A gnoll (D:6)
  A dart slug (D:3)
  6 orcs
  A fungus (Lair:3)
39 creatures vanquished.

Vanquished Creatures (others)
  3 hydras
  The ghost of Kloppie the Cleaver, a novice HOBe of Trog (D:7)
  A centaur (D:9)
  2 fungi
  2 plants (Lair:3)
9 creatures vanquished.

Grand Total: 456 creatures vanquished

Notes
Turn   | Place    | Note
--------------------------------------------------------------
     0 | Abyss:1  | Gargoyl the Demonspawn Abyssal Knight began the quest for the Orb.
     0 | Abyss:1  | Reached XP level 1. HP: 18/18 MP: 2/2
   149 | Abyss:1  | Noticed an iron imp
   154 | Abyss:1  | Killed an iron imp
   154 | Abyss:1  | Reached skill level 1 in Dodging
   154 | Abyss:1  | Gained mutation: A weak demonic guardian rushes to your aid. [demonic ancestry]
   154 | Abyss:1  | Reached XP level 2. HP: 10/25 MP: 3/3
   305 | Abyss:1  | Noticed a soul eater
   306 | D:1      | Escaped the Abyss
   409 | D:1      | Reached XP level 3. HP: 25/30 MP: 4/4
   552 | D:1      | Reached * piety under Lugonu
  1328 | D:2      | Gained mutation: You have large cloven feet. [demonic ancestry]
  1328 | D:2      | Reached XP level 4. HP: 36/37 MP: 5/5
  1931 | D:2      | Found a deep blue altar of Sif Muna.
  2012 | D:2      | Reached ** piety under Lugonu
  2280 | D:3      | Noticed Sigmund
  2705 | D:2      | Gained mutation: You have hoof-like feet. [demonic ancestry]
  2705 | D:2      | Reached XP level 5. HP: 33/42 MP: 7/7
  2962 | D:3      | Killed Sigmund
  2962 | D:3      | Gained mutation: You regenerate a little health from kills. [demonic ancestry]
  2962 | D:3      | Reached XP level 6. HP: 35/49 MP: 8/8
  3581 | D:3      | Noticed Robin
  3590 | D:3      | Killed Robin
  3602 | D:3      | Reached *** piety under Lugonu
  4105 | D:4      | Noticed a hippogriff
  4106 | D:4      | Gained mutation: You are surrounded by a mild repulsion field (EV +2). [demonic ancestry]
  4106 | D:4      | Reached XP level 7. HP: 55/55 MP: 9/9
  4116 | D:4      | Killed a hippogriff
  4116 | D:4      | Reached skill level 5 in Fighting
  4254 | D:4      | Reached skill level 5 in Armour
  4266 | D:4      | Reached **** piety under Lugonu
  4485 | D:5      | Entered Level 5 of the Dungeon
  4616 | D:5      | Reached XP level 8. HP: 51/62 MP: 11/11
  4637 | D:5      | Found a sparkling altar of Nemelex Xobeh.
  5413 | D:6      | Reached skill level 5 in Invocations
  5781 | D:6      | Found a bloodstained altar of Trog.
  5804 | D:6      | Reached skill level 1 in Shields
  6391 | D:7      | Noticed Kloppie's ghost (novice HOBe)
  6396 | D:7      | Reached ***** piety under Lugonu
  6406 | D:7      | Banished Kloppie's ghost
  6406 | D:7      | Gained mutation: Your magical and physical power is slightly enhanced at high health. [demonic ancestry]
  6406 | D:7      | Reached XP level 9. HP: 21/69 MP: 13/13
  6603 | D:7      | Found a staircase to the Ecumenical Temple.
  6900 | D:7      | Found a basalt altar of Yredelemnul.
  7188 | D:8      | Noticed Joseph
  7207 | D:8      | Killed Joseph
  7207 | D:8      | Reached skill level 5 in Axes
  7207 | D:8      | Reached XP level 10. HP: 71/79 MP: 15/15
  7799 | D:8      | Noticed Erolcha
  7807 | D:8      | Paralysed by Erolcha for 3 turns
  7811 | D:8      | Killed Erolcha
  8345 | D:9      | Reached skill level 5 in Shields
  8417 | D:9      | Found a staircase to the Orcish Mines.
  9123 | D:10     | Entered Level 10 of the Dungeon
  9210 | D:10     | Found Touq's Gadget Emporium.
  9241 | D:10     | Noticed Maurice
  9247 | D:10     | Killed an unseen horror
  9247 | D:10     | Reached XP level 11. HP: 62/86 MP: 17/17
  9260 | D:10     | Killed Maurice
  9541 | D:10     | Found a staircase to the Lair.
  9628 | D:10     | Noticed a six-headed hydra
  9655 | D:10     | Gained mutation: Scrolls take you a little longer to read. [potion of mutation]
  9655 | D:10     | Gained mutation: Your flesh is heat resistant. [potion of mutation]
  9655 | D:10     | Gained mutation: Scrolls take you longer to read. [potion of mutation]
  9657 | D:10     | Gained mutation: You have very sharp teeth. [potion of beneficial mutation]
  9868 | D:10     | Banished a six-headed hydra
 10110 | Lair:1   | Entered Level 1 of the Lair of Beasts
 10152 | Lair:1   | Found a labyrinth entrance.
 10179 | Lab      | Entered a labyrinth
 10291 | Lab      | Noticed Kloppie's ghost (journeyman VSFi)
 10319 | Lab      | Killed Kloppie's ghost
 10319 | Lab      | Reached skill level 10 in Armour
 10686 | Lab      | Noticed a minotaur
 10694 | Lab      | Killed a minotaur
 10708 | Lab      | Got a transparent flail
 10883 | Lair:1   | Identified the +5 flail of the Assorted Places {antimagic, +Blink rF+ rC+ Str-5} (You found it in a labyrinth)
 11123 | Lair:1   | Reached ****** piety under Lugonu
 11975 | Lair:2   | Gained mutation: You are surrounded by a moderate repulsion field (EV +3). [demonic ancestry]
 11975 | Lair:2   | Reached XP level 12. HP: 93/94 MP: 19/19
 11986 | Lair:2   | Noticed a five-headed hydra
 11995 | Lair:2   | Banished a five-headed hydra
 12129 | Lair:2   | Reached skill level 10 in Invocations
 12967 | Lair:3   | Noticed a seven-headed hydra
 12971 | Lair:3   | Banished a seven-headed hydra
 13110 | Lair:3   | Found a staircase to the Snake Pit.
 14118 | Lair:4   | Noticed a six-headed hydra
 14121 | Lair:4   | Banished a six-headed hydra
 14257 | Lair:4   | Noticed a death yak
 14269 | Lair:4   | Killed a death yak
 14562 | Lair:5   | Noticed a death yak
 14564 | Lair:5   | Noticed a death yak
 14571 | Lair:5   | Reached XP level 13. HP: 34/101 MP: 21/21
 14574 | Lair:5   | Slain by a death yak

Skill      XL: |  1  2  3  4  5  6  7  8  9 10 11 12 |
---------------+-------------------------------------+-----
Armour         | 2 3 4 5 6 8 9 10 11 | 11.6
Dodging        | 1 2 3 4 |  4.2
Fighting       | 4 5 6 7 8 9 |  9.6
Axes           | 2 3 4 5 6 7 8 |  8.5
Invocations    | 3 4 6 7 8 9 11 | 11.7
Shields        | 2 3 5 6 8 |  8.2

Action                   |  1- 3 |  4- 6 |  7- 9 | 10-12 | 13-15 || total
-------------------------+-------+-------+-------+-------+-------++-------
Melee: Hand axe          |    99 |   142 |   411 |   258 |       ||   910
       War axe           |       |    89 |       |       |       ||    89
       Kick              |       |    59 |   119 |   249 |       ||   427
       Broad axe         |       |       |       |   495 |     1 ||   496
       Bite              |       |       |       |    59 |       ||    59
Invok: Depart the Abyss  |     1 |       |       |       |       ||     1
       Banish            |       |       |     1 |     9 |       ||    10
  Use: Scroll            |       |     6 |     3 |    24 |       ||    33
       Potion            |       |     1 |       |    19 |       ||    20
 Stab: Distracted        |       |     1 |     3 |     6 |       ||    10
  Eat: Chunk             |     2 |     9 |    11 |    25 |       ||    47
       Bread ration      |       |       |       |     1 |       ||     1
Armor: Leather armour    |     1 |       |       |       |       ||     1
       Ring mail         |    44 |       |       |       |       ||    44
       Scale mail        |    10 |     7 |       |       |       ||    17
       Chain mail        |       |   138 |       |       |       ||   138
       Skin              |       |     3 |       |       |       ||     3
       Plate armour      |       |    17 |   304 |   467 |     1 ||   789
Dodge: Dodged            |    51 |   124 |   152 |   256 |     1 ||   584
Block: Shield            |       |       |   129 |   650 |     4 ||   783
       Reflection        |       |       |     2 |    12 |       ||    14
